 Dungeon Crawl Stone Soup version 0.30.1-11-g7821555f0a (webtiles) character file.

Game seed: 12833312471803542795

57346 Ijustatesigmund the Fighter (level 14, -10/94 HPs)
             Began as a Gargoyle Fighter on Dec 4, 2023.
             Was the Champion of the Shining One.
             Mangled by a two-headed ogre
             ... wielding a +0 giant club
              (22 damage)
             ... on level 14 of the Dungeon on Dec 5, 2023.
             The game lasted 00:34:49 (25123 turns).

Ijustatesigmund the Fighter (Gargoyle Fighter)     Turns: 25123, Time: 00:34:49

Health: -10/94     AC: 42    Str: 27    XL:     14   Next: 85%
Magic:  23/23      EV: 11    Int: 13    God:    the Shining One [******]
Gold:   898        SH:  6    Dex:  9    Spells: 19/19 levels left

rFire   + . .        a - +4 flail
rCold   + . .        c - +1 buckler
rNeg    + + +        b - +2 gold dragon scales
rPois   ∞            s - +1 helmet
rElec   +            K - +2 cloak {rPois}
rCorr   .            v - +2 pair of gloves
SInv    .            E - +1 pair of boots
Will    +....        p - amulet of the acrobat Stlth
                     F - +6 ring of strength
HPRegen 0.35/turn    J - +5 ring of evasion
MPRegen 0.18/turn

%: acrobat
@: flying, glowing
A: sickness immunity, AC +10, big wings, negative energy resistance 1,
electricity resistance, torment resistance 1, petrification resistance
a: Renounce Religion, Divine Shield, Cleansing Flame, Summon Divine Warrior,
Brand Weapon With Holy Wrath


You were on level 14 of the Dungeon.
You worshipped the Shining One.
The Shining One was exalted by your worship.
You visited 2 branches of the dungeon, and saw 16 of its levels.
You also visited: Sewer, Ossuary, Bailey and Ice Cave.

You collected 1231 gold pieces.
You spent 333 gold pieces at shops.

Inventory:

Hand Weapons
 a - a +4 flail (weapon)
 B - a +0 flail of protection
Missiles
 h - a throwing net (quivered)
Armour
 b - +2 gold dragon scales (worn)
 c - a +1 buckler (worn)
 s - a +1 helmet (worn)
 v - a +2 pair of gloves (worn)
 E - a +1 pair of boots (worn)
 K - a +2 cloak of poison resistance (worn)
Jewellery
 i - a ring of flight
 p - an amulet of the acrobat (around neck)
 F - a +6 ring of strength (left hand)
 J - a +5 ring of evasion (right hand)
Wands
 x - a wand of roots (8)
 A - a wand of quicksilver (2)
 M - a wand of flame (14)
 N - a wand of paralysis (4)
Scrolls
 g - 3 scrolls of magic mapping
 j - 2 scrolls of summoning
 l - 6 scrolls of teleportation
 r - 2 scrolls of fog
 t - 2 scrolls of poison
 y - 2 scrolls of fear
 C - 3 scrolls of blinking
 H - a scroll of enchant armour
 I - 20 scrolls of identify
Potions
 d - 7 potions of might
 e - 10 potions of haste
 f - 4 potions of cancellation
 k - 6 potions of curing
 m - a potion of heal wounds
 n - 5 potions of flight
 q - 12 potions of mutation
 u - 3 potions of magic
 w - 2 potions of brilliance
 z - 3 potions of lignification
 D - 3 potions of resistance
 G - 3 potions of ambrosia
 L - a potion of attraction
Miscellaneous
 o - a condenser vane


   Skills:
 - Level 13.5 Fighting
 - Level 12.2 Maces & Flails
 - Level 11.5 Armour
 - Level 5.3 Dodging
 - Level 6.7 Shields
 + Level 3.0 Spellcasting
 - Level 12.6 Invocations
 - Level 7.9 Evocations


You had 19 spell levels left.
You didn't know any spells.
Your spell library contained the following spells:

 Spells                   Type           Power      Damage    Failure   Level
 Apportation              Tloc           2%         N/A       100%        1
 Magic Dart               Conj           4%         1d3       100%        1
 Necrotise                Necr           4%         1d4       100%        1
 Slow                     Hex            4%         N/A       100%        1
 Summon Small Mammal      Summ           4%         N/A       100%        1
 Call Imp                 Summ           2%         N/A       100%        2
 Wereblood                Tmut           1%         N/A       100%        2
 Call Canine Familiar     Summ           1%         N/A       100%        3
 Confusing Touch          Hex            1%         N/A       100%        3
 Gell's Gravitas          Tloc           1%         N/A       100%        3
 Mephitic Cloud           Conj/Pois/Air  1%         N/A       100%        3
 Stone Arrow              Conj/Erth      2%         3d7       100%        3
 Summon Guardian Golem    Hex/Summ       1%         N/A       100%        3
 Teleport Other           Tloc           1%         N/A       100%        3
 Vampiric Draining        Necr           1%         2d6       100%        3
 Vhi's Electric Charge    Tloc/Air       2%         N/A       100%        3
 Animate Armour           Summ/Erth      2%         N/A       100%        4
 Leda's Liquefaction      Hex/Erth       0%         N/A       100%        4
 Petrify                  Tmut/Erth      1%         N/A       100%        4
 Arcjolt                  Conj/Air       0%         1d10      100%        5
 Irradiate                Conj/Tmut      0%         3d11      100%        5
 Lee's Rapid Deconstruct  Erth           0%         3d4*      100%        5
 Conjure Ball Lightning   Conj/Air       0%         3x3d6     100%        6
 Dispersal                Tloc           0%         N/A       100%        6
 Plasma Beam              Fire/Air       0%         2x1d11    100%        6
 Orb of Destruction       Conj           0%         9d5       100%        7
 Spellforged Servitor     Conj/Summ      0%         N/A       100%        7
 Summon Hydra             Summ           0%         N/A       100%        7
 Discord                  Hex            0%         N/A       100%        8
 Disjunction              Tloc           0%         N/A       100%        8
 Lehudib's Crystal Spear  Conj/Erth      0%         10d2      100%        8
 Sublimation of Blood     Necr           Unusable   N/A       N/A         2
 Statue Form              Tmut/Erth      Unusable   N/A       N/A         6

Dungeon Overview and Level Annotations

Branches:
Dungeon (15/15)            Temple (1/1) D:4            Lair (0/5) D:9
    Orc (0/2) D:10         Vaults (0/5) D:14          Sewer (visited)
Ossuary (visited)          Bailey (visited)           IceCv (visited)
 Depths: D:15

Altars:
Ashenzari
Cheibriados
Dithmenos
Elyvilon
Fedhas
Gozag
Hepliaklqana
Kikubaaqudgha
Makhleb
Nemelex Xobeh
Okawaru
Qazlal
Ru
Sif Muna
Trog
Uskayaw
Vehumet
Wu Jian
Xom
Yredelemnul
Zin
The Shining One

Shops:
D:14 [   D:15 *

Annotations:
D:11 4 transporters


Innate Abilities, Weirdness & Mutations

You are immune to sickness and miasma.
Your stone body is resilient. (AC +10)
You are immune to poison.
Your large and strong wings let you fly.
You resist negative energy. (rN+)
You are resistant to electric shocks. (rElec)
You are resistant to unholy torment.
You are immune to petrification.


Message History

You are too injured to fight recklessly!
You are too injured to fight recklessly!
You are too injured to fight recklessly!
You are too injured to fight recklessly!
You are too injured to fight recklessly!
You are too injured to fight recklessly!
You are too injured to fight recklessly!
You are too injured to fight recklessly!
Unknown command.
The two-headed ogre attacks as you move away!
The two-headed ogre barely misses you. You block the two-headed ogre's attack.
The two-headed ogre attacks as you move away!
The two-headed ogre completely misses you.
The two-headed ogre misses you.
The purple ugly thing basks in the mutagenic energy from its kin and changes!
The two-headed ogre misses you.
The two-headed ogre completely misses you.
The green ugly thing basks in the mutagenic energy from its kin and changes!
The two-headed ogre completely misses you.
The two-headed ogre hits you but does no damage.
There is a stone staircase leading up here.
The two-headed ogre hits you with a +0 giant club!!
* * * LOW HITPOINT WARNING * * *
You block the two-headed ogre's attack.
You fly upwards.
There is a stone staircase leading down here.
You thump the two-headed ogre!
The two-headed ogre is lightly wounded.
The two-headed ogre hits you but does no damage.
The two-headed ogre hits you with a +0 giant club.
* * * LOW HITPOINT WARNING * * *
You sock the two-headed ogre!
The two-headed ogre is moderately wounded.
The two-headed ogre hits you with a +0 giant club!
* * * LOW HITPOINT WARNING * * *
The two-headed ogre hits you but does no damage.
You bludgeon the two-headed ogre!!
The two-headed ogre is severely wounded.
The two-headed ogre hits you with a +0 giant club!!
You die...

#.#.#.......######...#.###.#....#
#.#.#...#........#...#.# #.#}####
........#.#...##.#...#.# #.#.# #
...♣..#.#.###.##.#...#.###.#.# #
..♣♣....#.# #.##.#...#.....#.# #
.♣♣♣....#.# #.##.#......####.# #
.♣♣.♣♣♣.#.# #.##.#...#######.####
.♣.♣♣♣..#.###.##O#...............
.♣♣♣♣...........@##..#######.####
8.....#.#.#...##.##........#.#
.♣♣♣♣...#.#.####.##.######.#.#
.♣.♣♣♣..#...........######.#.#
.♣♣)♣♣♣....................#.#
.♣♣♣........####.###########.#
..♣♣........# #.# #.#
...♣..#.....####'######## #.#
......#.................# #.#


You could see a two-headed ogre (fast).

Vanquished Creatures
  A storm dragon (D:11)
  A frost giant (IceCv)
  A fire giant (D:11)
  A hydra (D:13)
  An ogre mage (D:12)
  4 boulder beetles
  3 centaur warriors
  Erica (D:9)
  2 death knights
  2 dancing weapons (D:14)
  3 two-headed ogres
  2 tengu warriors
  8 death yaks (IceCv)
  8 skeletal warriors (D:14)
  A flayed ghost (D:14)
  3 deep elf pyromancers
  2 orc knights
  2 manticores
  16 ugly things
  4 cyclopes
  An ice statue (IceCv)
  2 gargoyles
  4 kobold demonologists
  6 rime drakes
  A yaktaur (shapeshifter) (D:11)
  2 komodo dragons
  10 trolls
  7 polar bears
  A tarantella (shapeshifter) (D:14)
  A hornet (D:9)
  5 centaur simulacra (D:13)
  A vampire (D:13)
  A shadow (D:7)
  14 slime creatures
  18 yaks
  2 steam dragons
  A wyvern (D:7)
  8 vampire mosquitoes
  A warg (D:10)
  2 acid dragons
  2 water moccasins
  7 orc warriors
  5 sky beasts
  7 ice beasts
  8 wolves
  6 centaurs
  2 phantoms (D:4)
  12 kobold brigands
  2 scorpions
  A bullfrog (D:7)
  10 wights
  17 killer bees
  5 howler monkeys (D:9)
  2 electric eels (D:13)
  5 hounds
  10 orc priests
  A human zombie (Ossuary)
  8 gnoll boudas
  3 jellies
  2 sleepcaps
  6 iguanas
  21 orc wizards
  A boggart simulacrum (D:13)
  3 mummies (Ossuary)
  9 adders
  38 gnolls
  3 river rats (Sewer)
  A shadow imp (D:7)
  7 white imps
  3 ufetubi
  An adder zombie (Ossuary)
  4 worms
  2 dart slugs
  59 orcs
  13 ball pythons
  6 bat zombies (D:10)
  14 endoplasms
  8 giant cockroaches
  7 goblins
  6 hobgoblins
  14 jackals
  51 kobolds
  4 quokkas
  2 bats
  2 frilled lizards (D:1)
  5 goblin zombies (Ossuary)
  6 hobgoblin zombies (Ossuary)
  2 kobold zombies (Ossuary)
  An orc zombie (Ossuary)
  2 quokka zombies
  27 rats
  5 rat zombies
602 creatures vanquished.

Notes
Turn   | Place    | Note
-------+----------+-------------------------------------------
     0 | D:1      | Ijustatesigmund the Gargoyle Fighter began the quest for
                  | the Orb.
     0 | D:1      | Reached XP level 1. HP: 14/14 MP: 1/1
   286 | D:1      | Reached XP level 2. HP: 13/19 MP: 2/2
   671 | D:1      | You fall into a shaft and drop 1 floor!
   906 | D:2      | Identified the +1 leather armour "Mewnuotz" {Dex+3}
   963 | D:2      | Reached XP level 3. HP: 18/23 MP: 3/3
  1600 | D:3      | Reached XP level 4. HP: 29/29 MP: 4/4
  2384 | D:3      | Reached skill level 4 in Fighting
  2723 | D:4      | Noticed a phantom
  2749 | D:4      | Killed a phantom
  2750 | D:4      | Reached XP level 5. HP: 26/33 MP: 5/5
  3030 | D:4      | Noticed a phantom
  3048 | D:4      | Killed a phantom
  3049 | D:4      | Reached XP level 6. HP: 26/39 MP: 6/6
  3241 | D:4      | Found a broken altar of Ashenzari.
  3287 | D:4      | Found a staircase to the Ecumenical Temple.
  3319 | Temple   | Entered the Ecumenical Temple
  3540 | Temple   | Became a worshipper of the Shining One
  3730 | D:4      | Reached skill level 5 in Armour
  3730 | D:4      | Reached skill level 5 in Shields
  3790 | D:4      | Reached XP level 7. HP: 39/44 MP: 7/7
  3856 | D:4      | Reached skill level 5 in Fighting
  3856 | D:4      | Reached skill level 1 in Invocations
  4131 | D:5      | Entered Level 5 of the Dungeon
  4270 | D:5      | Found a glowing drain.
  4287 | Sewer    | Entered a sewer
  4513 | Sewer    | Reached XP level 8. HP: 16/50 MP: 9/9
  5480 | D:5      | Reached skill level 5 in Maces & Flails
  5485 | D:5      | Reached * piety under the Shining One
  5486 | D:5      | Reached skill level 6 in Fighting
  6353 | D:6      | Reached XP level 9. HP: 51/56 MP: 12/12
  7271 | D:6      | Reached skill level 1 in Dodging
  7923 | D:7      | Reached skill level 7 in Fighting
  8001 | D:7      | Reached skill level 5 in Invocations
  8419 | D:7      | Reached ** piety under the Shining One
  8498 | D:7      | Noticed a troll
  8508 | D:7      | Killed a troll
  8509 | D:7      | Reached XP level 10. HP: 32/64 MP: 14/14
  8519 | D:7      | Reached skill level 8 in Fighting
  9147 | D:7      | Noticed a cyan ugly thing
  9151 | D:7      | Noticed a boulder beetle
  9153 | D:7      | Noticed a cyclops
 10186 | D:7      | Killed a cyan ugly thing
 10231 | D:7      | Killed a cyclops
 10232 | D:7      | Reached skill level 9 in Fighting
 10325 | D:7      | Noticed a cyclops
 10336 | D:7      | Identified the +5 long sword "Huenosic" {heavy, Contam rF+
                  | rC+++ SInv}
 10342 | D:7      | Killed a cyclops
 10379 | D:7      | Noticed a boulder beetle
 10432 | D:7      | Killed a boulder beetle
 10433 | D:7      | Reached XP level 11. HP: 33/71 MP: 14/17
 10470 | D:7      | Killed a boulder beetle
 10471 | D:7      | Reached skill level 5 in Dodging
 10584 | D:7      | Noticed a two-headed ogre
 10592 | D:7      | Killed a two-headed ogre
 10761 | D:7      | Noticed a deep elf pyromancer
 10770 | D:7      | Killed a deep elf pyromancer
 10993 | D:8      | Found a sand-covered staircase.
 11000 | Ossuary  | Entered an ossuary
 11000 | Ossuary  | Reached *** piety under the Shining One
 11080 | Ossuary  | Reached **** piety under the Shining One
 11177 | D:8      | Reached skill level 1 in Evocations
 11184 | D:8      | Found a flagged portal.
 11197 | Bailey   | Entered a bailey
 11292 | Bailey   | Noticed an orc knight
 11308 | Bailey   | Killed an orc knight
 11309 | Bailey   | Reached skill level 10 in Fighting
 12041 | D:8      | Found Fuaxusap's Book Shoppe.
 12666 | D:9      | Noticed a green ugly thing
 12682 | D:9      | Killed a green ugly thing
 12702 | D:9      | Noticed Erica
 12716 | D:9      | Killed Erica
 13031 | D:9      | Found a shadowy altar of Dithmenos.
 13031 | D:9      | Found a sacrificial altar of Ru.
 13033 | D:9      | Found a basalt altar of Yredelemnul.
 13096 | D:9      | Reached XP level 12. HP: 78/78 MP: 18/18
 13280 | D:9      | Found a staircase to the Lair.
 13585 | D:10     | Entered Level 10 of the Dungeon
 13612 | D:10     | Noticed a two-headed ogre
 13626 | D:10     | Killed a two-headed ogre
 14210 | D:10     | Noticed a two-headed ogre
 14221 | D:10     | Killed a two-headed ogre
 14427 | D:10     | Reached ***** piety under the Shining One
 14447 | D:10     | Found an ancient bone altar of Kikubaaqudgha.
 14842 | D:10     | Reached skill level 11 in Fighting
 14907 | D:10     | Found a staircase to the Orcish Mines.
 15124 | D:11     | Reached skill level 10 in Maces & Flails
 15125 | D:11     | Reached skill level 10 in Invocations
 15867 | D:11     | Found a transporter.
 15869 | D:11     | Found a transporter.
 15873 | D:11     | Found a transporter.
 15928 | D:11     | Found a transporter.
 16203 | D:12     | Noticed a soul eater
 16710 | D:12     | Reached skill level 5 in Evocations
 16738 | D:12     | Noticed a tengu warrior
 17002 | D:12     | Noticed a centaur warrior
 17002 | D:12     | Noticed a fire giant
 17004 | D:12     | Noticed a storm dragon
 17021 | D:11     | Reached XP level 13. HP: 48/84 MP: 17/20
 17439 | D:11     | HP: 2/85 [storm dragon (15)]
 17443 | D:11     | Killed a storm dragon
 17703 | D:11     | Killed a fire giant
 18063 | D:11     | Reached skill level 12 in Fighting
 18777 | D:12     | Identified the +5 rapier of the Doomed God {protect, Str+2}
 19361 | D:13     | Found a frozen archway.
 19368 | IceCv    | Entered an ice cave
 19398 | IceCv    | Reached skill level 10 in Armour
 21280 | IceCv    | Noticed a frost giant
 21328 | IceCv    | Gained mutation: Your large and strong wings let you fly.
                  | [Gargoyle growth]
 21328 | IceCv    | Reached XP level 14. HP: 51/92 MP: 22/22
 21340 | IceCv    | Killed a frost giant
 22393 | D:13     | Reached skill level 13 in Fighting
 23011 | D:14     | Found Dulikihe's Armour Boutique.
 23266 | D:14     | Bought a +2 cloak of poison resistance for 333 gold pieces
 23584 | D:14     | Found a gate to the Vaults.
 24190 | D:14     | Reached ****** piety under the Shining One
 24766 | D:15     | Entered Level 15 of the Dungeon
 24783 | D:15     | Found Rugaror's Assorted Antiques.
 24872 | D:15     | Reached skill level 1 in Spellcasting
 24991 | D:15     | Found a glowing golden altar of the Shining One.
 24991 | D:15     | Found a glowing silver altar of Zin.
 24992 | D:15     | Found a white marble altar of Elyvilon.
 25064 | D:15     | Identified the +5 chain mail of Gyigem {Int+5}
 25123 | D:14     | Mangled by a two-headed ogre

Illustrated notes

Levels and vault maps discovered:
D:1:      dpeg_arrival_line_fractal, layout_basic, nrook_uturn
D:2:      layout_basic
D:3:      layout_basic, basic_ecumenical_altar, nicolae_goblin_pals, uniq_ijyb
D:4:      layout_loops_ring, mainiacjoe_overflow_24_doors,
          minmay_temple_entry_gardened_gates, grunt_decor_resistance
D:5:      layout_loops_ring, gup_sewer_entry_bubbles
D:6:      layout_layer_cave
D:7:      minmay_the_grid_octo_tiled_octocenter [minmay_the_grid_octo_horde,
          minmay_the_grid_octo_checkered, minmay_the_grid_octo_teeth,
          minmay_the_grid_octo_checkerflower, minmay_the_grid_octo_prize_big_c,
          minmay_the_grid_square_5x5_longway,
          minmay_the_grid_square_5x5_two_small,
          minmay_the_grid_square_5x5_minibox,
          minmay_the_grid_square_5x5_shrine1], layout_loops_ring,
          minmay_a_box_with_orc_wizards_in_it
D:8:      layout_rooms, serial_shops, shop_fountains, enter_ossuary_4,
          enter_bailey_2, chequers_serial_rivers_small_a
D:9:      layout_roguey, minitemple, hellmonk_lair_entry_icy, uniq_erica
D:10:     layout_layer_cave, lemuel_zombie_altar_kikubaaqudgha,
          david_orc_1_choice
D:11:     layout_roguey, hangedman_decor_diamond_cutter,
          nicolae_transporter_circle
D:12:     minmay_outward_triangles, layout_rooms
D:13:     layout_loops_cross, serial_ice, serial_ice_n, serial_ice_d,
          serial_ice_c, serial_ice_g, serial_ice_h, serial_ice_l,
          portal_ice_cave_entry_pillars_2, kennysheep_path_1
D:14:     layout_basic, erik_vaults_1, serial_shops, shop,
          minmay_misc_feat_enclosed, kb_rosetta
D:15:     grunt_enter_depths_magical_seal, layout_gridville, serial_shops,
          nicolae_shop_rolling_square, good_gods_temple_1,
          nicolae_uskayaw_murder_on_the_dancefloor
Temple:   nicolae_temple_bog_church

Skill      XL: |  1  2  3  4  5  6  7  8  9 10 11 12 13 14 |
---------------+-------------------------------------------+-----
Armour         | 4 5 6 7 9 10 11 | 11.5
Shields        | 4 5 6 |  6.7
Fighting       | 4 5 6 7 9 10 11 12 13 | 13.5
Maces & Flails | 3 4 5 6 8 9 10 11 12 | 12.2
Invocations    | 2 4 6 8 9 10 11 12 | 12.6
Dodging        | 2 4 5 |  5.3
Evocations     | 2 5 6 7 |  7.9
Spellcasting   | 3 |  3.0

Action                     |  1- 3 |  4- 6 |  7- 9 | 10-12 | 13-15 || total
---------------------------+-------+-------+-------+-------+-------++-------
  Melee: Flail             |   161 |   205 |   327 |   840 |   902 ||  2435
         Mace              |       |       |   279 |   191 |       ||   470
 Invoke: Divine Shield     |       |       |     1 |     4 |     3 ||     8
         Cleansing Flame   |       |       |       |       |     1 ||     1
  Evoke: Wand              |       |       |       |    15 |     6 ||    21
    Use: Potion            |       |     2 |     1 |     2 |    11 ||    16
         Scroll            |       |       |     8 |    23 |     2 ||    33
 Armour: Scale mail        |   104 |    99 |    36 |       |       ||   239
         Ring mail         |       |       |   378 |   140 |       ||   518
         Gold dragon scale |       |       |       |   573 |   622 ||  1195
  Dodge: Dodged            |   107 |   106 |   363 |   640 |   412 ||  1628
  Block: Buckler           |    34 |    38 |   185 |   373 |   316 ||   946
